 Dungeon Crawl Stone Soup version 0.26.1-11-gd32895ea62 (webtiles) character file.

Game seed: 9498779232341857437

523186 oc3rt the Ninja (level 26, -3/149 (154) HPs)
             Began as a Kobold Hunter on June 8, 2021.
             Was a Believer of Hepliaklqana.
             Slain by the Royal Jelly (28 damage)
             ... on level 5 of the Pits of Slime.
             The game lasted 06:03:07 (80617 turns).

oc3rt the Ninja (Kobold Hunter)                    Turns: 80617, Time: 06:03:11

HP:   -3/149 (154)  AC: 13    Str: 25    XL:     26   Next: 66%
MP:   37/37         EV: 41    Int: 15    God:    Hepliaklqana [**....]
Gold: 5972          SH: 16    Dex: 35    Spells: 23/25 levels left

rFire    . . .     SeeInvis .   c - +10 quick blade of Dismay {flame, Str+3 Dex+7}
rCold    . . .     Faith    .   n - +2 buckler of Pathos {Str+3 Dex+4}
rNeg     . . .     Spirit   .   y - +2 robe of Too Many Cooks {Will+ Str+4}
rPois    +         Reflect  +   D - +2 helmet
rElec    .         Harm     .   T - +2 cloak {rPois}
rCorr    +         Rampage  .   (no gloves)
Will     +++..     Clarity  +   W - +2 pair of boots Stlth **++++++++
                                v - amulet of reflection
HPRegen  0.34/turn              a - ring of resist corrosion
MPRegen  0.25/turn              G - ring "Zothis" {Will+ MP+9 Str+4 Int+5}

@: lightly drained
A: small, reduced essence, clarity, dopey 1, low mp 1, nightstalker 3, weak 1,
sturdy frame 1
}: 3/15 runes: serpentine, barnacled, silver
a: Renounce Religion, Recall Ancestor, Ancestor Identity


You were on level 5 of the Pits of Slime.
You worshipped Hepliaklqana.
Hepliaklqana was pleased with you.
You visited 9 branches of the dungeon, and saw 44 of its levels.
You also visited: Trove, Bailey, Ice Cave and Wizlab.

You collected 7352 gold pieces.
You spent 1380 gold pieces at shops.

Inventory:

Hand Weapons
 c - the +10 quick blade of Dismay (weapon) {flame, Str+3 Dex+7}
   (You acquired it on level 3 of the Snake Pit)

   It has been specially enchanted to burn those struck by it, causing extra
   injury to most foes and up to half again as much damage against particularly
   susceptible opponents.
   It affects your strength (+3).
   It affects your dexterity (+7).
 j - the +6 shillelagh "Devastator" {shatter}
   (You found it on level 4 of the Shoals)
 p - the +7 quick blade of the Lurker {antimagic, *Slow +Inv rElec Str+6}
   (You found it in a treasure trove)

   It reduces the magical energy of the wielder, and disrupts the spells and
   magical abilities of those hit.
   Natural abilities and divine invocations are not affected.
   It affects your strength (+6).
   It insulates you from electricity.
   It lets you turn invisible.
   It may slow you when you take damage.
 C - the +7 captain's cutlass {speed, disarm}
   (You found it on level 2 of the Lair of Beasts)

   Attacks with this weapon are significantly faster.
 F - the +9 hunting sling of Patience {flame, Dex+4}
   (You found it on level 13 of the Dungeon)

   It causes projectiles fired from it to burn those they strike, causing extra
   injury to most foes and up to half again as much damage against particularly
   susceptible opponents.
   It affects your dexterity (+4).
 R - a +1 sacred scourge of holy wrath
 Y - a +9 long sword of holy wrath
Missiles
 d - 900 stones
 B - 4 throwing nets
Armour
 n - the +2 buckler of Pathos (worn) {Str+3 Dex+4}
   (You found it on level 2 of the Shoals)

   It affects your strength (+3).
   It affects your dexterity (+4).
 y - the +2 robe of Too Many Cooks (worn) {Will+ Str+4}
   (You found it on level 1 of the Snake Pit)

   It affects your strength (+4).
   It affects your willpower, your defense against some magical effects.
 D - a +2 helmet (worn)
 T - a +2 cloak of poison resistance (worn)
 U - a +4 troll leather armour
 W - a +2 pair of boots (worn)
Jewellery
 a - a ring of resist corrosion (left hand)
 u - an uncursed ring of resist corrosion
 v - an amulet of reflection (around neck)
 G - the ring "Zothis" (right hand) {Will+ MP+9 Str+4 Int+5}
   (You found it in a treasure trove)

   [ring of magical power]

   It affects your strength (+4).
   It affects your intelligence (+5).
   It affects your willpower, your defense against some magical effects.
   It affects your magic capacity (+9).
 J - a +6 ring of dexterity
 M - an uncursed ring of willpower
Wands
 x - a wand of digging (17)
 E - a wand of disintegration (60)
 I - a wand of polymorph (32) (quivered)
 L - a wand of acid (47)
 S - a wand of paralysis (8)
 V - a wand of iceblast (41)
Scrolls
 b - a scroll of silence
 f - 4 scrolls of blinking
 g - 19 scrolls of remove curse
 m - 8 scrolls of teleportation
 r - 6 scrolls of magic mapping
 t - 9 scrolls of fear
 w - 3 scrolls of fog
Potions
 e - 5 potions of cancellation
 h - 2 potions of haste
 i - 5 potions of lignification
 l - 2 potions of berserk rage
 o - 17 potions of curing
 q - a potion of might
 s - 5 potions of mutation
 z - 3 potions of heal wounds
 H - a potion of invisibility
 P - 5 potions of flight
 Q - 3 potions of resistance
Miscellaneous
 k - a box of beasts (inert)
 A - a phantom mirror (inert)
 N - a tin of tremorstones (2/2)
 O - a condenser vane (inert)


   Skills:
 + Level 19.2 Fighting
 + Level 20.7(22.4) Short Blades
 - Level 11.0(14.0) Long Blades
 - Level 9.7 Maces & Flails
 - Level 6.4 Slings
 - Level 7.4 Crossbows
 - Level 1.7 Armour
 * Level 22.6 Dodging
 O Level 27 Stealth
 - Level 5.6 Shields
 - Level 12.0 Invocations
 - Level 12.0 Evocations


You had 23 spell levels left.
You knew the following spells:

 Your Spells              Type           Power        Failure   Level
a - Swiftness             Air            0%           38%         2

Your spell library contained the following spells:

 Spells                   Type           Power        Failure   Level
 Animate Skeleton         Necr           0%           26%         1
 Apportation              Tloc           0%           26%         1
 Beastly Appendage        Tmut           0%           26%         1
 Foxfire                  Conj/Fire      0%           26%         1
 Sandblast                Erth           0%           26%         1
 Sting                    Tmut/Pois      0%           26%         1
 Summon Small Mammal      Summ           0%           26%         1
 Blink                    Tloc           N/A          38%         2
 Call Imp                 Summ           0%           38%         2
 Corpse Rot               Necr/Air       N/A          38%         2
 Passwall                 Tmut/Erth      0%           38%         2
 Poisonous Vapours        Pois/Air       0%           38%         2
 Slow                     Hex            0%           38%         2
 Sublimation of Blood     Necr           0%           38%         2
 Wereblood                Tmut           0%           38%         2
 Call Canine Familiar     Summ           0%           63%         3
 Gell's Gravitas          Tloc           0%           63%         3
 Ignite Poison            Fire/Tmut/Pois 0%           63%         3
 Inner Flame              Hex/Fire       0%           63%         3
 Lesser Beckoning         Tloc           0%           63%         3
 Mephitic Cloud           Conj/Pois/Air  0%           63%         3
 Spider Form              Tmut/Pois      0%           63%         3
 Stone Arrow              Conj/Erth      0%           63%         3
 Summon Guardian Golem    Hex/Summ       0%           63%         3
 Teleport Other           Tloc           0%           63%         3
 Tukima's Dance           Hex            0%           63%         3
 Animate Dead             Necr           0%           95%         4
 Cause Fear               Hex            0%           95%         4
 Dispel Undead            Necr           0%           95%         4
 Ice Form                 Ice/Tmut       0%           95%         4
 Leda's Liquefaction      Hex/Erth       0%           95%         4
 Olgreb's Toxic Radiance  Pois           0%           95%         4
 Passage of Golubria      Tloc           N/A          95%         4
 Petrify                  Tmut/Erth      0%           95%         4
 Summon Ice Beast         Ice/Summ       0%           95%         4
 Summon Lightning Spire   Summ/Air       0%           95%         4
 Agony                    Necr           0%           100%        5
 Alistair's Intoxication  Tmut/Pois      0%           100%        5
 Blade Hands              Tmut           0%           100%        5
 Bolt of Magma            Conj/Fire/Erth 0%           100%        5
 Borgnjor's Vile Clutch   Necr/Erth      0%           100%        5
 Excruciating Wounds      Necr           0%           100%        5
 Fireball                 Conj/Fire      0%           100%        5
 Lee's Rapid Deconstruct  Erth           0%           100%        5
 Silence                  Hex/Air        0%           100%        5
 Summon Forest            Summ/Tloc      0%           100%        5
 Conjure Ball Lightning   Conj/Air       0%           100%        6
 Death Channel            Necr           0%           100%        6
 Eringya's Noxious Bog    Tmut/Pois      0%           100%        6
 Hydra Form               Tmut           0%           100%        6
 Invisibility             Hex            0%           100%        6
 Iron Shot                Conj/Erth      0%           100%        6
 Simulacrum               Ice/Necr       0%           100%        6
 Starburst                Conj/Fire      0%           100%        6
 Statue Form              Tmut/Erth      0%           100%        6
 Dragon Form              Tmut           0%           100%        7
 Malign Gateway           Summ/Tloc      0%           100%        7
 Monstrous Menagerie      Summ           0%           100%        7
 Summon Greater Demon     Summ           0%           100%        7
 Summon Hydra             Summ           0%           100%        7
 Discord                  Hex            0%           100%        8
 Ignition                 Fire           0%           100%        8
 Summon Horrible Things   Summ           0%           100%        8
 Dragon's Call            Summ           0%           100%        9
 Shatter                  Erth           0%           100%        9
 Tornado                  Air            0%           100%        9


Dungeon Overview and Level Annotations

Branches:
Dungeon (15/15)            Temple (1/1) D:4            Lair (6/6) D:11
 Shoals (4/4) Lair:2        Snake (4/4) Lair:2        Slime (5/5) Lair:5
    Orc (2/2) D:10            Elf (2/3) Orc:2        Vaults (5/5) D:13
  Crypt (0/3) Vaults:3     Depths (0/5) D:15         Bailey (visited)
  IceCv (visited)          WizLab (visited)

Altars:
Ashenzari
Cheibriados
Dithmenos
Elyvilon
Fedhas
Gozag
Hepliaklqana
Kikubaaqudgha
Nemelex Xobeh
Okawaru
Qazlal
Ru
Sif Muna
Trog
Uskayaw
Vehumet
Wu Jian
Xom
Yredelemnul
Zin
The Shining One
Jiyva

Shops:
D:10 *   Orc:1 =   Orc:2 =?[:   Vaults:2 =   Vaults:3 =   Vaults:4 (

Annotations:
Slime:5 Royal Jelly
Elf:2 5 runed translucent doors


Innate Abilities, Weirdness & Mutations

You are small and have problems with some larger weapons.
You are completely attuned to the shadows.
Your life essence is reduced to manifest your ancestor. (-10% HP)
You possess an exceptional clarity of mind.
You are dopey. (Int -2)
Your magical capacity is low. (-10% MP)
You are weak. (Str -2)
Your movements are slightly less encumbered by armour. (ER -2)


Message History

The Royal Jelly completely misses you. x2
The azure jelly completely misses you. The azure jelly hits you!
The azure jelly freezes you!!! You block the azure jelly's attack.
The azure jelly completely misses you. You block the azure jelly's attack.
The azure jelly closely misses you. The azure jelly hits you.
The azure jelly completely misses you. You block the azure jelly's attack.
The azure jelly completely misses you. x2; The azure jelly hits you.
The Royal Jelly completely misses you. You block the Royal Jelly's attack.
The acid blob barely misses you. The azure jelly closely misses you. x2
The azure jelly misses you. The azure jelly hits you.
The azure jelly completely misses you. The azure jelly hits you.
The azure jelly freezes you! The azure jelly misses you. x2
There is a stone staircase leading up, spattered with blood here.
The death ooze misses you. The death ooze closely misses you.
The azure jelly hits you. The azure jelly freezes you!!!
* * * LOW HITPOINT WARNING * * *
The azure jelly hits you but does no damage.
The azure jelly misses you. The azure jelly completely misses you.
The Royal Jelly hits you!!
You die...

..# ###................# ##
#.####...................#
.###...#......................
............^.............##.##
........................... ##
.........................
......................
...............JJJ...#
...............J@R.#.#
...............JJJ##
...................#
..................##
.................##
.................#
................
.....#.##......#
...#..#####.####


You could see the friendly A* the battlemage, the Royal Jelly, an acid blob, 4
azure jellies and a death ooze.

Vanquished Creatures
  An ancient lich (Vaults:5)
  Mennas (Vaults:2)
  Boris (Vaults:4)
  A golden dragon (Vaults:5)
  Nikola (Snake:2)
  Rupert (D:15)
  3 tentacled monstrosities
  6 titans (Vaults:5)
  A quicksilver dragon (Vaults:5)
  20 acid blobs
  A kraken (Shoals:2)
  A sphinx (D:13)
  2 shadow dragons (Vaults:5)
  3 storm dragons
  Donald (Shoals:1)
  5 azure jellies
  3 tengu reavers
  2 fire giants
  4 frost giants
  8 vault wardens
  2 deep elf sorcerers
  An orc warlord (Orc:2)
  Aizul (Snake:2)
  Louise (Shoals:2)
  7 very ugly things
  2 deep elf elementalists
  8 stone giants
  13 ironheart preservers
  2 war gargoyles (Vaults:5)
  3 deep elf demonologists
  An entropy weaver (Vaults:5)
  A deep elf annihilator (Vaults:5)
  A minotaur (shapeshifter) (Vaults:5)
  9 death oozes
  4 merfolk impalers
  5 ettins
  2 deep elf death magi
  Josephine (Lair:6)
  3 deep elf high priests
  A fire dragon (Vaults:3)
  4 boulder beetles
  5 yaktaur captains
  20 vault guards
  12 naga warriors
  2 rakshasas
  5 great orbs of eyes
  7 ogre magi
  2 catoblepae
  7 hydras
  2 merfolk avatars (Shoals:4)
  16 anacondas
  2 ice dragons
  3 alligator snapping turtles
  4 merfolk aquamancers
  22 two-headed ogres
  6 centaur warriors
  2 deep troll shamans
  13 dancing weapons
  2 death knights
  9 death yaks
  4 orc high priests
  4 deep troll earth magi
  6 naga sharpshooters
  8 shock serpents
  14 deep elf knights
  A shadow wraith (Vaults:4)
  7 deep trolls
  A salamander mystic (Snake:3)
  14 sea snakes
  2 unseen horrors
  5 deep elf archers
  5 naga ritualists
  A glowing orange brain (Slime:5)
  A wizard (Vaults:3)
  A harpy (shapeshifter) (Elf:2)
  11 ironbrand convokers
  A lindwurm (Lair:6)
  3 phantasmal warriors
  A necromancer (Vaults:5)
  8 mana vipers
  9 harpies (Shoals:4)
  13 orc knights
  An orb spider (shapeshifter) (D:15)
  3 orc sorcerers
  10 fauns
  10 wolf spiders
  6 manticores
  42 deep elf magi
  26 ugly things
  12 cyclopes
  8 salamanders
  4 shining eyes
  3 centaur zombies
  A cyclops (shapeshifter) (Vaults:1)
  3 elephants (Lair:6)
  3 water nymphs
  32 black mambas
  5 guardian serpents
  3 merfolk sirens
  9 naga magi
  2 gargoyles
  A torpor snail (shapeshifter) (Vaults:5)
  9 cane toads
  9 vault sentinels
  3 komodo dragons
  2 komodo dragons (shapeshifter)
  27 yaktaurs
  2 efreet
  5 rime drakes
  An ice devil (IceCv)
  A yaktaur skeleton (Vaults:5)
  A human zombie (Vaults:5)
  5 freezing wraiths
  A hellwing (WizLab)
  A tengu conjurer (D:15)
  8 trolls
  A golden dragon simulacrum (IceCv)
  6 polar bears
  A meliai (D:13)
  4 wind drakes
  A queen bee (shapeshifter) (Vaults:1)
  A jumping spider (shapeshifter) (Vaults:3)
  A polar bear (shapeshifter) (Vaults:4)
  A meliai (shapeshifter) (Vaults:1)
  5 hornets
  A wolf spider simulacrum (IceCv)
  19 merfolk
  4 blink frogs
  5 dream sheep (Lair:6)
  6 snapping turtles
  66 slime creatures
  A human simulacrum (Vaults:1)
  An air elemental (Elf:2)
  A redback (Vaults:5)
  12 water elementals
  2 tarantellas (shapeshifter)
  5 wraiths
  3 vampires
  A human (shapeshifter) (D:13)
  34 yaks
  7 wyverns
  2 battlemagi
  2 hogs (D:15)
  3 steam dragons (Shoals:4)
  2 basilisks
  2 fire elementals
  A death yak simulacrum (IceCv)
  A golden eye (shapeshifter) (Vaults:5)
  4 golden eyes
  4 vampire mosquitoes
  3 harpy simulacra (IceCv)
  6 wargs
  25 nagas
  2 acid dragons
  A soldier ant (D:15)
  2 hydra simulacra (IceCv)
  13 water moccasins
  2 black bears
  A hornet zombie (D:15)
  4 ice beasts
  46 orc warriors
  3 phantoms
  A black bear (shapeshifter) (Vaults:4)
  A sky beast (D:13)
  2 eyes of draining
  2 ettin simulacra
  4 boggarts
  A necrophage (D:11)
  8 centaurs
  23 ogres
  16 wolves
  Blork the orc (D:6)
  5 big kobolds
  21 bullfrogs
  2 earth elementals (Elf:1)
  6 scorpions
  2 wyvern skeletons (D:11)
  13 killer bees
  15 wights
  4 howler monkeys
  An electric eel (Snake:2)
  A bullfrog zombie (D:12)
  2 draconian simulacra (IceCv)
  A quasit (D:12)
  3 centaur skeletons
  22 orc priests
  8 hounds
  7 jellies
  24 orc wizards
  3 bullfrog skeletons
  4 iguanas
  8 worker ants
  A polar bear simulacrum (IceCv)
  2 troll simulacra (IceCv)
  A wolf simulacrum (IceCv)
  2 centaur simulacra (IceCv)
  3 hound zombies
  2 worker ant zombies (D:11)
  5 gnolls
  A naga simulacrum (IceCv)
  19 adders
  2 ogre simulacra (IceCv)
  A shadow imp (D:6)
  6 white imps
  5 ufetubi (IceCv)
  An adder skeleton (D:4)
  2 adder zombies (D:7)
  2 worms
  A dart slug (D:1)
  4 leopard geckos
  71 orcs
  4 bats (D:1)
  7 giant cockroaches
  13 goblins
  5 hobgoblins
  10 jackals
  16 kobolds
  5 quokkas
  A ball python (Snake:3)
  3 frilled lizards
  A quokka skeleton (D:5)
  4 rats
  2 butterflies (Lair:2)
1389 creatures vanquished.

Vanquished Creatures (collateral kills)
  An ancient lich (Vaults:5)
  An Ice Fiend (IceCv)
  3 liches
  A quicksilver dragon (Vaults:4)
  11 acid blobs
  A titan (Vaults:5)
  2 sphinxes
  3 tengu reavers
  Kirke (D:15)
  6 azure jellies
  4 shadow dragons
  3 storm dragons
  An orc warlord (Vaults:5)
  5 nagarajas (Snake:4)
  3 frost giants (Vaults:5)
  A deep elf elementalist (Vaults:5)
  5 vault wardens
  A war gargoyle (Vaults:5)
  5 ironheart preservers
  3 stone giants
  2 very ugly things
  Azrael (Snake:2)
  A deep elf demonologist (Vaults:3)
  An entropy weaver (Vaults:3)
  A crystal guardian (D:13)
  An ettin (Vaults:5)
  An eidolon (Vaults:3)
  A merfolk impaler (Shoals:2)
  5 death oozes (Slime:5)
  2 great orbs of eyes
  A rakshasa (D:15)
  2 deep elf high priests
  2 boulder beetles
  7 yaktaur captains
  2 ice dragons
  10 vault guards
  8 naga warriors
  3 hydras
  An anaconda (shapeshifter) (D:13)
  A centaur warrior (D:13)
  3 merfolk aquamancers
  A merfolk avatar (Shoals:2)
  14 two-headed ogres
  5 dancing weapons
  3 anacondas
  A tengu warrior (D:15)
  5 ogre magi
  4 death yaks
  3 orc high priests (Orc:2)
  A deep troll earth mage (Vaults:2)
  3 naga sharpshooters (Snake:3)
  3 shock serpents
  6 deep elf knights
  A salamander mystic (Snake:3)
  A shadow wraith (Vaults:2)
  8 deep trolls
  2 unseen horrors
  An unseen horror (shapeshifter) (Vaults:3)
  A glowing orange brain (Slime:5)
  2 flayed ghosts
  3 naga ritualists
  5 deep elf archers
  6 sea snakes
  A wizard (Elf:1)
  7 harpies (Shoals:4)
  2 orc knights (Vaults:5)
  17 ugly things
  A phantasmal warrior (Vaults:2)
  7 deep elf magi
  6 ironbrand convokers
  A wolf spider zombie (D:14)
  A shining eye (Slime:3)
  6 mana vipers
  5 cyclopes
  7 salamanders
  A manticore (Shoals:4)
  8 fauns
  An elephant (D:11)
  5 merfolk sirens
  5 guardian serpents
  4 water nymphs
  2 vault sentinels
  An ice statue (IceCv)
  2 naga magi
  9 black mambas
  2 gargoyles (D:13)
  A centaur skeleton (D:15)
  A human zombie (Vaults:5)
  A cane toad (shapeshifter) (Vaults:5)
  An anaconda simulacrum (IceCv)
  A komodo dragon (D:14)
  3 yaktaurs
  2 hellwings (WizLab)
  3 freezing wraiths
  A kobold demonologist (Elf:1)
  3 golden dragon simulacra (IceCv)
  3 ice devils (IceCv)
  A yaktaur skeleton (Vaults:5)
  A meliai (shapeshifter) (Vaults:3)
  2 trolls
  8 merfolk
  A tengu simulacrum (Vaults:3)
  5 blink frogs
  3 wind drakes
  A jumping spider (Vaults:5)
  33 slime creatures
  6 dream sheep (Lair:6)
  A snapping turtle (Shoals:4)
  A tarantella (shapeshifter) (Vaults:2)
  6 water elementals
  A redback (Vaults:5)
  2 dire elephant simulacra (IceCv)
  A wyvern (shapeshifter) (Vaults:5)
  A shadow (D:15)
  3 wraiths
  3 basilisks
  13 yaks
  3 fire elementals
  A golden eye (Slime:2)
  2 hogs (D:15)
  4 vampire mosquitoes (D:14)
  A harpy simulacrum (IceCv)
  A death yak simulacrum (IceCv)
  A warg (Orc:1)
  An iron troll simulacrum (IceCv)
  17 nagas
  10 water moccasins
  A hell hound (Snake:2)
  A sky beast (D:8)
  14 orc warriors
  A black bear (Lair:6)
  A black bear (shapeshifter) (Vaults:5)
  An ettin simulacrum (Vaults:3)
  A phantom (D:11)
  2 boggarts
  2 eyes of draining (Slime:2)
  12 centaurs
  8 ogres
  8 wolves
  2 bullfrogs
  2 wights
  A bullfrog zombie (D:11)
  A centaur zombie (D:11)
  A jelly (D:9)
  11 orc priests
  A worker ant (D:9)
  17 orc wizards
  A troll simulacrum (IceCv)
  A gnoll (Orc:2)
  2 adders
  A naga simulacrum (IceCv)
  2 ogre simulacra (IceCv)
  4 white imps (IceCv)
  49 orcs
  A giant cockroach (D:4)
  A jackal (D:7)
  2 kobolds (D:7)
603 creatures vanquished.

Vanquished Creatures (others)
  A naga warrior (Snake:4)
  A vampire mage (Vaults:3)
  An orc sorcerer (D:13)
  A hornet (Vaults:5)
  A slime creature (Vaults:1)
  An orc warrior (D:15)
  59 battlemagi
  An ancestor (D:7)
  A white imp (IceCv)
  2 ufetubi (IceCv)
  A bush (Lair:3)
  47 fungi
  132 plants
249 creatures vanquished.

Grand Total: 2241 creatures vanquished

Notes
Turn   | Place    | Note
-------+----------+-------------------------------------------
     0 | D:1      | oc3rt the Kobold Hunter began the quest for the Orb.
     0 | D:1      | Reached XP level 1. HP: 12/12 MP: 1/1
    83 | D:1      | Reached XP level 2. HP: 17/18 MP: 2/2
    84 | D:1      | Reached skill level 2 in Stealth
   376 | D:1      | Reached skill level 5 in Crossbows
   494 | D:1      | Reached skill level 1 in Short Blades
   496 | D:1      | Reached XP level 3. HP: 22/22 MP: 3/3
  1509 | D:2      | Reached skill level 3 in Stealth
  1538 | D:2      | Reached XP level 4. HP: 27/27 MP: 4/4
  2401 | D:3      | Found a sacrificial altar of Ru.
  2428 | D:3      | Found a shimmering blue altar of Sif Muna.
  2428 | D:3      | Found a radiant altar of Vehumet.
  2623 | D:3      | Found a shadowy altar of Dithmenos.
  2668 | D:3      | Found a broken altar of Ashenzari.
  2683 | D:3      | Reached XP level 5. HP: 29/32 MP: 5/5
  3155 | D:4      | Found a staircase to the Ecumenical Temple.
  3166 | Temple   | Entered the Ecumenical Temple
  3222 | Temple   | Became a worshipper of Hepliaklqana the Forgotten
  3321 | D:4      | Reached skill level 4 in Stealth
  3505 | D:4      | Found a bloodstained altar of Trog.
  3588 | D:4      | Reached XP level 6. HP: 25/33 MP: 6/6
  3706 | D:4      | You fall into a shaft and drop 1 floor!
  3706 | D:5      | Entered Level 5 of the Dungeon
  4261 | D:6      | Noticed an ogre
  4265 | D:6      | Killed an ogre
  4266 | D:6      | Reached skill level 5 in Stealth
  4432 | D:6      | Reached XP level 7. HP: 37/37 MP: 7/7
  4666 | D:6      | Noticed Blork the orc
  4672 | D:6      | Killed Blork the orc
  4893 | D:6      | Reached skill level 5 in Short Blades
  4893 | D:6      | Reached skill level 6 in Stealth
  5062 | D:5      | Reached * piety under Hepliaklqana
  5105 | D:5      | Noticed a water moccasin
  5115 | D:5      | Killed a water moccasin
  5116 | D:5      | Reached XP level 8. HP: 27/43 MP: 8/8
  5726 | D:5      | Found a basalt altar of Yredelemnul.
  5817 | D:4      | Reached skill level 7 in Stealth
  6350 | D:7      | Reached skill level 5 in Dodging
  6430 | D:7      | Reached skill level 8 in Stealth
  6636 | D:6      | Reached skill level 5 in Fighting
  6636 | D:6      | Reached XP level 9. HP: 23/48 MP: 9/9
  7103 | D:8      | Reached skill level 9 in Stealth
  7113 | D:8      | Found a white marble altar of Elyvilon.
  7327 | D:8      | Reached ** piety under Hepliaklqana
  7330 | D:8      | Remembered your ancestor A* as a battlemage
  7462 | D:8      | Found a glowing silver altar of Zin.
  7462 | D:8      | Found an opulent altar of Gozag.
  7872 | D:7      | Reached skill level 10 in Stealth
  8036 | D:7      | Found a stormy altar of Qazlal.
  8223 | D:9      | Noticed a troll
  8231 | D:9      | Killed a troll
  8594 | D:9      | Reached XP level 10. HP: 54/54 MP: 10/10
  8655 | D:9      | Reached skill level 11 in Stealth
  8810 | D:9      | Found a sparkling altar of Nemelex Xobeh.
  8990 | D:9      | Noticed a gargoyle
  8996 | D:9      | Killed a gargoyle
  9001 | D:9      | Found a snail-covered altar of Cheibriados.
  9249 | D:10     | Entered Level 10 of the Dungeon
  9288 | D:10     | Noticed a gargoyle
  9290 | D:10     | Killed a gargoyle
  9291 | D:10     | Reached skill level 12 in Stealth
  9699 | D:10     | Found a staircase to the Orcish Mines.
  9766 | D:10     | Found Ozisox's Assorted Antiques.
  9770 | D:10     | Bought a pair of glowing boots for 262 gold pieces
 10287 | D:11     | Reached XP level 11. HP: 60/60 MP: 11/11
 10300 | D:11     | Noticed a cyan ugly thing
 10301 | D:11     | Killed a cyan ugly thing
 10302 | D:11     | Reached skill level 13 in Stealth
 10326 | D:11     | Reached skill level 10 in Dodging
 10363 | D:11     | Found a staircase to the Lair.
 10363 | D:11     | Noticed a death yak
 10363 | D:11     | Noticed an elephant
 10375 | D:11     | Killed a death yak
 10376 | D:11     | Reached skill level 1 in Invocations
 10376 | D:11     | Reached skill level 1 in Evocations
 10385 | D:11     | Killed an elephant
 10395 | D:11     | HP: 3/61 [ogre/+0 giant spiked club (3)]
 10627 | D:11     | Reached *** piety under Hepliaklqana
 10705 | D:11     | Reached skill level 10 in Short Blades
 10739 | D:11     | Reached skill level 14 in Stealth
 11345 | D:11     | Noticed a cyclops
 11349 | D:11     | Killed a cyclops
 11400 | Lair:1   | Entered Level 1 of the Lair of Beasts
 11733 | Lair:1   | Reached XP level 12. HP: 67/67 MP: 14/14
 12902 | Lair:2   | Reached **** piety under Hepliaklqana
 13003 | Lair:2   | Found a staircase to the Shoals.
 13035 | Shoals:1 | Entered Level 1 of the Shoals
 13061 | Lair:2   | Found a staircase to the Snake Pit.
 13080 | Lair:2   | Reached skill level 15 in Stealth
 13424 | Lair:2   | You fall into a shaft and drop 1 floor!
 13686 | Lair:2   | Found the +7 captain's cutlass {speed, disarm}
 14027 | Lair:3   | Reached XP level 13. HP: 72/72 MP: 16/16
 14106 | Lair:3   | Reached skill level 1 in Long Blades
 14106 | Lair:3   | Reached skill level 5 in Evocations
 14706 | Lair:2   | Reached skill level 5 in Invocations
 14841 | Orc:1    | Entered Level 1 of the Orcish Mines
 15003 | D:12     | Reached ***** piety under Hepliaklqana
 15055 | D:12     | Found a flagged portal.
 15065 | Bailey   | Entered a bailey
 16427 | Lair:3   | Reached skill level 16 in Stealth
 16624 | Lair:3   | Noticed a five-headed hydra
 16634 | Lair:3   | Killed a five-headed hydra
 17222 | Lair:4   | Noticed a four-headed hydra
 17402 | Lair:4   | You fall into a shaft and drop 1 floor!
 17402 | Lair:5   | Noticed an eight-headed hydra
 17631 | Lair:5   | Noticed a six-headed hydra
 17646 | Lair:5   | Killed a six-headed hydra
 17647 | Lair:5   | Reached skill level 10 in Fighting
 17669 | Lair:5   | Found a staircase to the Slime Pits.
 18363 | Lair:5   | Reached XP level 14. HP: 79/79 MP: 18/18
 19272 | Lair:5   | Found a bloodstained altar of Trog.
 19710 | Lair:6   | Entered Level 6 of the Lair of Beasts
 20035 | Lair:6   | Noticed Josephine
 20556 | Lair:6   | Reached skill level 17 in Stealth
 20603 | Lair:6   | Killed Josephine
 20604 | Lair:6   | Reached skill level 5 in Long Blades
 21832 | Lair:6   | Reached XP level 15. HP: 79/85 MP: 20/20
 22053 | D:10     | Bought a scroll of identify for 70 gold pieces
 23192 | D:13     | Found a gate to the Vaults.
 23568 | D:13     | Noticed a storm dragon
 23570 | D:13     | Noticed a sphinx
 24581 | D:14     | Reached skill level 18 in Stealth
 24608 | D:14     | Got a twisted mace
 25140 | D:14     | Identified the +4 mace "Giantbane" {protect, *Rage rN++
                  | Str+6} (You found it on level 14 of the Dungeon)
 25557 | Orc:2    | Entered Level 2 of the Orcish Mines
 25678 | Orc:2    | Noticed an orc warlord
 25982 | Orc:1    | Reached skill level 15 in Dodging
 26311 | Orc:1    | Found Ryddu's Jewellery Shop.
 26745 | Orc:2    | Found a staircase to the Elven Halls.
 27298 | Orc:2    | Killed an orc warlord
 27299 | Orc:2    | Reached XP level 16. HP: 61/92 MP: 22/22
 27516 | Orc:2    | Found Nodu's Jewellery Boutique.
 27517 | Orc:2    | Found Qocid's Magic Scroll Boutique.
 27597 | Orc:2    | Found Katzid's Antique Armour Shop.
 27599 | Orc:2    | Found Rozxed's Book Shop.
 27653 | Orc:2    | Bought a scroll of brand weapon for 240 gold pieces
 27751 | Orc:2    | Reached ****** piety under Hepliaklqana
 28279 | Orc:2    | Reached XP level 17. HP: 97/97 MP: 23/23
 28544 | Orc:2    | Bought a scroll of enchant armour for 90 gold pieces
 28544 | Orc:2    | Bought a scroll of enchant weapon for 90 gold pieces
 28544 | Orc:2    | Bought a scroll of fear for 42 gold pieces
 28544 | Orc:2    | Bought a scroll of enchant weapon for 90 gold pieces
 28544 | Orc:2    | Bought a scroll of teleportation for 36 gold pieces
 28830 | Elf:1    | Entered Level 1 of the Elven Halls
 29020 | Elf:1    | Found a magical portal.
 29026 | WizLab   | Entered The Hall of the Hellbinder
 29315 | Elf:1    | Reached skill level 19 in Stealth
 30253 | Elf:1    | HP: 3/98 [deep elf mage/bolt of lightning (31)]
 31815 | Elf:2    | Reached skill level 10 in Evocations
 32001 | Elf:2    | Reached XP level 18. HP: 104/104 MP: 25/25
 32618 | Elf:2    | Reached skill level 1 in Shields
 32647 | Elf:2    | Reached skill level 20 in Stealth
 32732 | Elf:2    | Found a huge runed translucent gate.
 32732 | Elf:2    | Found a huge runed translucent gate.
 32733 | Elf:2    | Found a huge runed translucent gate.
 32734 | Elf:2    | Found a huge runed translucent gate.
 32734 | Elf:2    | Found a huge runed translucent gate.
 33339 | Snake:1  | Entered Level 1 of the Snake Pit
 33988 | Snake:1  | Got a bloodstained robe
 33999 | Snake:1  | Identified the +2 robe of Too Many Cooks {Will+ Str+4} (You
                  | found it on level 1 of the Snake Pit)
 34921 | Snake:1  | Reached skill level 10 in Invocations
 35904 | Snake:2  | Noticed Azrael
 35915 | Snake:2  | Killed Azrael
 36693 | Snake:2  | Reached skill level 10 in Long Blades
 37056 | Snake:2  | Noticed Aizul
 37060 | Snake:2  | Killed Aizul
 37061 | Snake:2  | Reached XP level 19. HP: 110/110 MP: 26/26
 37180 | Snake:2  | Noticed Nikola
 37202 | Snake:2  | Killed Nikola
 37203 | Snake:2  | Reached skill level 15 in Fighting
 37525 | Snake:3  | Reached skill level 21 in Stealth
 38209 | Snake:3  | Identified a scroll of acquirement
 38210 | Snake:3  | Acquired the +10 quick blade of Dismay {flame, Str+3 Dex+7}
 38364 | Snake:3  | Reached skill level 5 in Shields
 39229 | Snake:4  | Entered Level 4 of the Snake Pit
 40953 | Snake:4  | Reached XP level 20. HP: 117/117 MP: 28/28
 41212 | Snake:4  | Reached skill level 22 in Stealth
 41305 | Snake:4  | Got a serpentine rune of Zot
 41677 | D:15     | Entered Level 15 of the Dungeon
 42082 | D:15     | Noticed Kirke
 42111 | D:15     | Killed Kirke
 42451 | D:15     | Noticed Rupert
 42487 | D:15     | Killed Rupert
 43010 | D:15     | Found a staircase to the Depths.
 43986 | Shoals:1 | Noticed Donald
 43993 | Shoals:1 | Killed Donald
 45503 | Shoals:2 | Reached skill level 1 in Armour
 45945 | Shoals:2 | Got a blackened buckler
 45956 | Shoals:2 | Identified the +2 buckler of Pathos {Str+3 Dex+4} (You
                  | found it on level 2 of the Shoals)
 46155 | Shoals:2 | Noticed Louise
 46163 | Shoals:2 | Killed Louise
 46785 | Shoals:3 | Reached XP level 21. HP: 123/123 MP: 29/29
 47681 | Shoals:4 | Entered Level 4 of the Shoals
 47686 | Shoals:4 | Found a frozen archway.
 47697 | IceCv    | Entered an ice cave
 49261 | IceCv    | HP: 6/124 [something (11)]
 49678 | IceCv    | Reached skill level 15 in Short Blades
 50089 | Shoals:4 | Identified the +7 short sword "Murmur" {freeze, *Noise
                  | Will+ Str+2}
 50089 | Shoals:4 | Identified the cursed +1 ring mail of Spring Thaw {*Corrode
                  | rElec rF+++ rC- MP+9}
 50222 | Shoals:4 | Reached skill level 23 in Stealth
 50597 | Shoals:4 | Found the +6 shillelagh "Devastator" {shatter}
 50885 | Shoals:4 | Got a barnacled rune of Zot
 51168 | Shoals:4 | Identified the Disquisition on Doomed Poisoning
 51960 | D:13     | Reached skill level 1 in Maces & Flails
 52283 | D:13     | Got an ichor-stained hunting sling
 52520 | D:13     | Identified the +9 hunting sling of Patience {flame, Dex+4}
                  | (You found it on level 13 of the Dungeon)
 55372 | Vaults:1 | Entered Level 1 of the Vaults
 55824 | Vaults:1 | Reached XP level 22. HP: 119/130 MP: 31/31
 56396 | Vaults:1 | Reached skill level 1 in Slings
 56440 | Vaults:1 | Found a portal to a secret trove of treasure.
 57935 | Vaults:2 | Noticed Mennas
 57974 | Vaults:2 | Reached skill level 24 in Stealth
 58721 | Vaults:2 | Found Vishuur's Jewellery Shoppe.
 59027 | Vaults:2 | Reached XP level 23. HP: 123/135 MP: 27/32
 59934 | Vaults:2 | Killed Mennas
 59935 | Vaults:2 | Reached skill level 5 in Slings
 61150 | Vaults:3 | Found a staircase to the Crypt.
 62326 | Vaults:3 | Learned a level 2 spell: Swiftness
 62373 | Vaults:3 | Reached skill level 5 in Maces & Flails
 63060 | Vaults:3 | Found Taron's Jewellery Boutique.
 63261 | Trove    | Entered a treasure trove
 63276 | Trove    | Got an ebony quick blade
 63278 | Trove    | Got a heavily runed jade ring
 63287 | Trove    | Got a translucent bone ring
 63326 | Vaults:1 | Identified the +7 quick blade of the Lurker {antimagic,
                  | *Slow +Inv rElec Str+6} (You found it in a treasure trove)
 63329 | Vaults:1 | Identified the ring "Ykhajue" {Will+ Str+5} (You found it
                  | in a treasure trove)
 63331 | Vaults:1 | Identified the ring "Zothis" {Will+ MP+9 Str+4 Int+5} (You
                  | found it in a treasure trove)
 63624 | Vaults:4 | Found Dunaig's Antique Weapon Shoppe.
 63974 | Vaults:4 | Reached XP level 24. HP: 125/141 MP: 32/32
 64002 | Vaults:4 | Reached skill level 25 in Stealth
 64900 | Vaults:4 | Noticed Boris
 64906 | Vaults:4 | Killed Boris
 66075 | Vaults:5 | Entered Level 5 of the Vaults
 67470 | Vaults:5 | Identified the +5 hunting sling "Jediom" {freeze, rF+ Int+2
                  | Dex+4 Stlth+}
 68212 | Vaults:5 | Identified the +8 war axe of the Wraith {vorpal, rN++}
 69219 | Vaults:5 | Reached XP level 25. HP: 60/147 MP: 32/32
 69536 | Vaults:5 | Identified the +3 flail of Qitzusche {venom, rPois MP+9}
 70683 | Vaults:5 | Reached skill level 26 in Stealth
 71014 | Vaults:5 | Noticed an ancient lich
 71031 | Vaults:5 | Killed an ancient lich
 71331 | Vaults:5 | Identified the +4 war axe of War {vorpal, Stlth+}
 71798 | Vaults:5 | Noticed an ancient lich
 71837 | Vaults:5 | Killed an ancient lich
 72350 | Vaults:5 | Identified the ring "Fesmoz Noada" {rF++ rC- SInv}
 72464 | Vaults:5 | Identified the Reference Book on Malediction
 72491 | Vaults:5 | Identified Anloex's Reference Book on Transformation
 73119 | Vaults:5 | Got a silver rune of Zot
 73336 | Vaults:3 | Bought an uncursed ring of resist corrosion for 460 gold
                  | pieces
 73630 | Slime:1  | Entered Level 1 of the Pits of Slime
 73684 | Slime:1  | Gained mutation: Your movements are slightly less
                  | encumbered by armour. (ER -2) [a shining eye]
 73687 | Slime:1  | Reached XP level 26. HP: 146/153 MP: 32/32
 74380 | Slime:2  | Gained mutation: Your magical capacity is low. (-10% MP) [a
                  | shining eye]
 74976 | Slime:3  | Gained mutation: You are weak. (Str -2) [a shining eye]
 75945 | Slime:5  | Entered Level 5 of the Pits of Slime
 76989 | Slime:5  | Reached skill level 27 in Stealth
 77308 | Slime:5  | Found the +8 orange crystal plate armour {Archmagi, Int+3
                  | Clar}
 77309 | Slime:5  | Found a viscous altar of Jiyva.
 77310 | Slime:5  | Noticed the Royal Jelly
 77763 | Slime:5  | Gained mutation: You are dopey. (Int -2) [a shining eye]
 77764 | Slime:5  | Gained mutation: You possess an exceptional clarity of
                  | mind. [a shining eye]
 78190 | Slime:5  | Found the ring of the Mage {Wiz Will++ Int+3}
 80617 | Slime:5  | Slain by the Royal Jelly

Illustrated notes

Levels and vault maps discovered:
D:1:      dpeg_arrival_rooms_a, layout_loops_ring, serial_co_window_serial,
          co_window_corner_a, co_window_corner_a, co_window_paths_a,
          co_window_paths_a, co_window_paths_a, co_window_of_opportunity_b,
          co_window_paths_c, co_window_corner_cb, co_window_paths_d,
          co_window_sun, glass_columns_b, glass_columns_a, glass_columns_a
D:2:      layout_basic
D:3:      layout_basic, cheibrodos_ashenzari_chains, nicolae_ru_path_of_blood,
          grunt_dithmenos_smoke, gammafunk_temple_overflow_pools
D:4:      layout_loops_ring, bloody_trog, minmay_temple_entry_offerings
D:5:      layout_cave_pools, kennysheep_mini, kennysheep_cross_room,
          grunt_tough_drop
D:6:      layout_layer_cave, chequers_serial_rivers_micro_c, uniq_blork_the_orc
D:7:      layout_cave_pools, lemuel_coloured_pillars_altar
D:8:      layout_loops_ring, grunt_temple_overflow_gold_and_silver,
          lemuel_crystal_altar
D:9:      layout_stronghold, general_overflow_altar, basic_altar,
          minmay_misc_feat_alley, kennysheep_generic_room_9
D:10:     layout_grid_maze, david_orc_2, serial_shops, shop
D:11:     layout_roguey, david_lair_generic
D:12:     layout_irregular_city, enter_bailey_3, due_unseen_surprise
D:13:     minmay_tearing_corner, layout_rooms,
          hangedman_vaults_entry_quadrant_bands, grunt_ministairs_6
D:14:     layout_cave_pods
D:15:     grunt_enter_depths_snipers, layout_gridville, uniq_kirke, uniq_rupert
Temple:   cyrus_temple_forest
Lair:1:   layout_layer_cave, lemuel_fruit_fields, grunt_megastairs_3
Lair:2:   layout_hall_layers, elwin_shoals_entry_stream,
          minmay_snake_entry_six_corridors, lemuel_fruit_fields
Lair:3:   layout_loops_ring, serial_forest, infiniplex_forest_end_1,
          infiniplex_forest_straight_4, infiniplex_forest_clump_tiny,
          infiniplex_forest_clump_small, infiniplex_forest_lined_room_2,
          infiniplex_forest_corner_1
Lair:4:   layout_roguey
Lair:5:   layout_roguey, minmay_slime_entry_pillars, basic_altar
Lair:6:   grunt_lair_end_beastmaster, layout_regular_city, uniq_josephine
Shoals:1: layout_shoals, uniq_donald
Shoals:2: layout_shoals, uniq_louise
Shoals:3: layout_shoals, st_shoals_ruin
Shoals:4: shoals_end_hangedman, layout_shoals, portal_ice_cave_entry_pillars_1,
          nicolae_shoals_drake_roost
Snake:1:  layout_layer_cave, grunt_megastairs_5
Snake:2:  layout_grid_maze, serial_bayou_shore_a, uniq_aizul, uniq_nikola,
          uniq_azrael
Snake:3:  minmay_snake_river, layout_cave_town
Snake:4:  grunt_snake_rune_pools, layout_cave_town, drop_trap
Slime:1:  layout_caves
Slime:2:  layout_caves
Slime:3:  layout_caves
Slime:4:  layout_caves, cheibrodos_slime_lost_civilization_7
Slime:5
Orc:1:    layout_caves, minmay_shop_enchanted_jewellery, minmay_orc_keep
Orc:2:    st_orc_mages, layout_caves
Elf:1:    layout_rooms, mu_enter_wizlab_3, hangedman_elf_disciples,
          nicolae_elf_m_pinch
Elf:2:    layout_loops_ring, st_stairs_8
Vaults:1: ontoclasm_vaults_decontamination, grunt_vaults_hallway_short,
          v_misc_22, ontoclasm_vaults_claustrophobia, v_rooms_3,
          vaults_room_grunt_arrival_ludios, vaults_mumra_hex,
          nicolae_vaults_know_your_exits, ontoclasm_vaults_pinch, v_misc_10,
          v_misc_24, hangedman_vaults_snaps, v_misc_4, layout_vaults_maze,
          enter_trove_2
Vaults:2: v_pattern_1, ontoclasm_vaults_spin, hangedman_vaults_hard_town_square,
          nicolae_vaults_border_crossing, layout_vaults_omnigrid, serial_shops,
          shop, uniq_mennas
Vaults:3: minmay_crypt_entry_simple_sparse, nicolae_vaults_twisting_passages,
          vaults_room_mumra_shop_pool, grunt_vaults_funneled_arena, v_misc_5,
          hangedman_vaults_capsules, v_rooms_5, vaults_room_pools,
          ontoclasm_vaults_shuriken, vaults_dpeg_diagonal, vaults_dpeg_hooks,
          layout_vaults_omnibox
Vaults:4: v_misc_24, nicolae_vaults_alarming, nicolae_vaults_disjoint_gnomons,
          nicolae_vaults_quartermaster, v_rooms_5, hangedman_vaults_unwind,
          v_misc_4, vaults_room_fours, layout_vaults_ring, serial_shops,
          nicolae_shop_trees, uniq_boris
Vaults:5: serial_shops

Skill      XL: |  1  2  3  4  5  6  7  8  9 10 11 12 13 14 15 16 17 18 19 20 21 22 23 24 25 26 |
---------------+-------------------------------------------------------------------------------+-----
Stealth        | 2 3 4 5 6 8 10 12 14 15 16 17 18 19 20 21 22 23 24 25 26 27 | 27.0
Crossbows      | 5 6 7 |  7.4
Short Blades   | 1 2 3 4 5 7 9 10 11 13 14 15 17 18 19 20 | 20.7
Dodging        | 3 4 5 6 9 11 12 13 14 15 16 17 18 19 20 21 22 | 22.6
Fighting       | 3 4 5 6 7 8 9 10 11 12 13 14 15 16 17 18 19 | 19.2
Invocations    | 2 4 5 6 8 9 10 11 12 | 12.0
Evocations     | 3 4 6 7 8 9 10 11 12 | 12.0
Long Blades    | 3 5 7 8 10 11 | 11.0
Shields        | 4 5 |  5.6
Armour         | 1 |  1.7
Maces & Flails | 1 4 5 7 9 |  9.7
Slings         | 4 6 |  6.4

Action                   |  1- 3 |  4- 6 |  7- 9 | 10-12 | 13-15 | 16-18 | 19-21 | 22-24 | 25-27 || total
-------------------------+-------+-------+-------+-------+-------+-------+-------+-------+-------++-------
Melee: Short sword       |       |    66 |   205 |   534 |   107 |       |       |       |       ||   912
       Cutlass           |       |       |       |       |  1057 |   730 |   129 |    33 |    25 ||  1974
       Quick blade       |       |       |       |       |       |       |  1419 |  1160 |   771 ||  3350
       Long sword        |       |       |       |       |       |       |     6 |    62 |   200 ||   268
       Shillelagh        |       |       |       |       |       |       |     4 |       |     5 ||     9
       Sacred scourge    |       |       |       |       |       |       |       |    11 |       ||    11
 Fire: Hand crossbow     |    64 |    14 |       |       |    25 |       |     2 |       |       ||   105
       Hunting sling     |       |       |       |       |       |       |       |     3 |    29 ||    32
Throw: Throwing net      |       |       |       |       |     1 |       |     1 |       |       ||     2
 Cast: Swiftness         |       |       |       |       |       |       |       |    13 |     2 ||    15
Invok: Recall Ancestor   |       |     2 |       |     2 |     9 |     2 |     2 |     4 |     3 ||    24
       Ancestor Life: Ba |       |       |     1 |       |       |       |       |       |       ||     1
       Ancestor Identity |       |       |     1 |       |       |       |       |       |       ||     1
       Idealise          |       |       |       |       |     7 |     5 |    12 |    10 |       ||    34
Evoke: Wand              |       |       |     2 |       |     6 |       |     9 |     2 |    16 ||    35
       Tin of tremorston |       |       |       |       |     2 |       |     1 |       |       ||     3
       Box of beasts     |       |       |       |       |     1 |     2 |     5 |     4 |     2 ||    14
       Condenser vane    |       |       |       |       |       |       |     4 |     5 |     2 ||    11
       Phantom mirror    |       |       |       |       |       |       |     1 |     6 |     3 ||    10
  Use: Scroll            |       |       |    15 |     4 |    23 |    18 |    10 |    10 |     3 ||    83
       Potion            |       |       |       |     1 |    11 |     9 |     8 |     4 |     2 ||    35
 Stab: Sleeping          |       |    13 |    33 |    63 |    56 |    50 |    84 |    84 |    23 ||   406
       Distracted        |       |       |       |     8 |    18 |    11 |    40 |    29 |    17 ||   123
       Paralysed         |       |       |       |       |       |       |     1 |       |       ||     1
Armor: Leather armour    |     2 |     4 |    22 |       |       |       |       |       |       ||    28
       Troll leather arm |       |       |     1 |    52 |    76 |    10 |    53 |       |       ||   192
       Robe              |       |       |       |       |       |    20 |     1 |    10 |    52 ||    83
       Plate armour      |       |       |       |       |       |       |     2 |       |       ||     2
Dodge: Dodged            |     9 |    41 |   159 |   360 |   903 |   417 |   644 |   477 |   510 ||  3520
Block: Buckler           |       |       |       |       |       |    91 |   508 |   489 |   363 ||  1451
       Reflection        |       |       |       |       |       |       |    34 |    41 |    20 ||    95
       Rpst.: Long sword |       |       |       |       |       |       |     1 |     8 |    21 ||    30
